 Dungeon Crawl Stone Soup version 0.28.0-43-g3370ac3207 (webtiles) character file.

Game seed: 3148670047845962083

4 Eyrton the Vexing (level 1, 0/15 HPs)
             Began as a Barachi Arcane Marksman on Mar 18, 2022.
             Slain by a quokka (2 damage)
             ... on level 1 of the Dungeon on Mar 19, 2022.
             The game lasted 00:06:54 (308 turns).

Eyrton the Vexing (Barachi Arcane Marksman)          Turns: 308, Time: 00:06:55

Health: 0/15       AC:  2    Str: 11    XL:     1   Next: 60%
Magic:  2/2        EV: 12    Int: 13    God:
Gold:   16         SH:  0    Dex: 12    Spells: 1/2 levels left

rFire   . . .      SeeInvis .   g - +0 shortbow
rCold   . . .      Faith    .   (shield currently unavailable)
rNeg    . . .      Spirit   .   a - +0 robe
rPois   .          Reflect  .   (no helmet)
rElec   .          Harm     .   (no cloak)
rCorr   .          Rampage  .   (no gloves)
Will    .....                   (no boots)
Stlth   +.........              (no amulet)
HPRegen 0.05/turn               (no ring)
MPRegen 0.08/turn               (no ring)

@: slow
A: amphibious, slowness 1, strong legs 1, +LOS
a: Hop


You were on level 1 of the Dungeon.
You visited 1 branch of the dungeon, and saw 1 of its levels.

You collected 16 gold pieces.

Inventory:

Hand Weapons
 f - a +0 mace
 g - a +0 shortbow (weapon)
Missiles
 b - 4 javelins (quivered)
 c - 2 throwing nets
Armour
 a - a +0 robe (worn)
Jewellery
 d - a ring of flight
Potions
 e - a potion of attraction {unknown}


   Skills:
 + Level 1.2 Fighting
 + Level 2.1 Throwing
 + Level 2.2 Dodging
 + Level 1.1 Spellcasting
 + Level 3.4 Hexes


You had one spell level left.
You knew the following spells:

 Your Spells              Type           Power      Damage    Failure   Level
a - Slow                  Hex            36%        N/A       7%          1

Your spell library contained the following spells:

 Spells                   Type           Power      Damage    Failure   Level
 Tukima's Dance           Hex            9%         N/A       21%         3
 Inner Flame              Hex/Fire       5%         N/A       38%         3
 Portal Projectile        Hex/Tloc       10%        N/A       38%         3
 Cause Fear               Hex            4%         N/A       56%         4
 Passage of Golubria      Tloc           0%         N/A       95%         4
 Yara's Violent Unravell  Hex/Tmut       2%         3d3       98%         5


Dungeon Overview and Level Annotations

Branches:
Dungeon (1/15)

Altars:


Innate Abilities, Weirdness & Mutations

You are amphibious.
You cover ground slowly.
You can hop short distances.
You have an extended range of vision and can be seen from far away.


Message History

[Y]es or [N]o only, please.
Really attack while wielding nothing? [Y]es or [N]o only, please.
Really attack while wielding nothing? [Y]es or [N]o only, please.
Really attack while wielding nothing? [Y]es or [N]o only, please.
Really attack while wielding nothing? [Y]es or [N]o only, please.
Really attack while wielding nothing?
Okay, then.
g - a +0 shortbow (weapon)
Really attack while wielding your +0 shortbow?
You closely miss the goblin.
The goblin hits you with a +0 dagger. x2
You barely miss the goblin. The goblin closely misses you.
You barely miss the goblin. The goblin hits you with a +0 dagger.
The goblin closely misses you.
You clumsily bash the goblin but do no damage.
The goblin hits you with a +0 dagger.
* * * LOW HITPOINT WARNING * * *
The goblin barely misses you.
You see here a javelin.
You are too injured to fight recklessly!
The goblin barely misses you. The goblin barely misses you.
You see here 19 gold pieces.
The goblin barely misses you.
You see here a +0 leather armour.
You are too injured to fight recklessly!
The goblin closely misses you.
You barely miss the goblin. The goblin misses you.
A quokka comes into view.
The goblin closely misses you. The goblin hits you with a +0 dagger.
* * * LOW HITPOINT WARNING * * *
You clumsily bash the goblin but do no damage.
The quokka closely misses you. x2; The goblin barely misses you.
You miss the goblin. The quokka barely misses you.
The goblin barely misses you. The quokka bites you.
You die...

#.##.. .#.#... ...
####...... ...##.#..
##.##.#.# #......
#....# #.######
#....# #....r.#
#...# #@# ####...###
#g## . #........###
#..## .
..##.#.#...### ##[$#
.#
.##..#.###...#####.#
..# ###.##.#
###.....#.# #.# #
#.##.# #####...# ...
# #.##.#
##(.######.# #
#.##.# #........>#


You could see a quokka and a goblin.

Vanquished Creatures
  A giant cockroach (D:1)
  A hobgoblin (D:1)
  2 rats (D:1)
4 creatures vanquished.

Notes
Turn   | Place    | Note
-------+----------+-------------------------------------------
     0 | D:1      | Eyrton the Barachi Arcane Marksman began the quest for the
                  | Orb.
     0 | D:1      | Reached XP level 1. HP: 15/15 MP: 2/2
   308 | D:1      | Slain by a quokka

Illustrated notes

Levels and vault maps discovered:
D:1:      lightli_arrival_chessboard, layout_rooms

Action                   || total
-------------------------++-------
Melee: Unarmed           ||    23
       Shortbow          ||     7
Throw: Javelin           ||     1
Armor: Robe              ||     2
Dodge: Dodged            ||    30
